Map: Dusk Towers

Players

MorN

  • Race: Protoss Protoss
  • League: Master

JevynSlayer - Winner!

  • Race: Protoss Protoss
  • League: Platinum

VOD

Have the link to the VOD?

Description

Time

  • Played on: Nov. 17, 2015, 11:29 p.m.
  • Length: 9:38
Show
View Real Time Build Order
Export as new Build Order

MorN Protoss 

Build Orders: Blink Stalkers 

Get SALT Encoding   

  12  0:01  Probe (Chrono Boost)  
  13  0:12  Probe (Chrono Boost)  
  14  0:18  Pylon  
  14  0:25  Probe (Chrono Boost)  
  15  0:36  Probe (Chrono Boost)  
  15  0:37  Gateway  
  16  0:43  Assimilator  
  16  0:47  Probe (Chrono Boost)  
  17  0:58  Probe (Chrono Boost)  
  17  1:04  Gateway  
  18  1:08  Probe (Chrono Boost)  
  19  1:19  Probe (Chrono Boost)  
  20  1:26  Cybernetics Core  
  20  1:30  Probe (Chrono Boost)  
  21  1:46  Pylon  
  21  1:49  Probe (Chrono Boost)  
  22  2:00  Probe (Chrono Boost)  
  23  2:03  Stalker, Warp Gate  
  23  2:06  Stalker  
  27  2:13  Pylon  
  27  2:17  Probe (Chrono Boost)  
  28  2:42  Pylon  
  29  2:47  Nexus  
  29  2:48  Stalker  
  30  2:51  Stalker  
  32  3:10  Probe (Chrono Boost)  
  33  3:20  Assimilator  
  33  3:23  Probe (Chrono Boost)  
  34  3:30  Twilight Council  
  34  3:33  Probe (Chrono Boost)  
  35  3:36  Pylon  
  35  3:44  Probe (Chrono Boost)  
  36  3:49  Gateway  
  36  3:54  Probe (Chrono Boost)  
  37  4:00  Probe (Chrono Boost)  
  38  4:05  Probe (Chrono Boost)  
  38  4:07  Blink (Chrono Boost)  
  38  4:09  Probe  
  39  4:17  Gateway  
  40  4:19  Mothership Core, Pylon  
  40  4:20  Probe  
  40  4:22  Assimilator  
  43  4:27  Assimilator  
  43  4:31  Probe  
  43  4:33  Stalker  
  46  4:40  Probe  
  46  4:41  Probe  
  48  4:52  Probe x2  
  49  4:54  Stalker x2  
  54  5:02  Probe  
  54  5:04  Probe, Pylon  
  56  5:13  Probe  
  56  5:14  Stalker  
  56  5:16  Probe  
  56  5:20  Stalker  
  62  5:23  Probe  
  62  5:28  Probe  
  64  5:33  Stalker  
  64  5:34  Stalker  
  68  5:45  Stalker x2  
  72  5:58  Robotics Facility  
  72  6:00  Pylon  
  72  6:02  Pylon  
  72  6:04  Stalker x2  
  76  6:11  Pylon  
  76  6:12  Pylon  
  76  6:21  Stalker x2  
  76  6:24  Probe  
  81  6:29  Forge  
  81  6:32  Forge  
  63  6:52  Stalker x4  
  69  6:59  Protoss Ground Armor Level 1 (Chrono Boost)  
  69  7:05  Protoss Ground Weapons Level 1 (Chrono Boost)  
  69  7:07  Robotics Bay  
  69  7:23  Stalker x4  
  77  7:39  Probe  
  60  7:47  Stalker x3  
  64  7:52  Nexus  
  64  7:54  Stalker  
  64  7:55  Pylon  
  64  7:58  Disruptor (Chrono Boost)  
  67  8:21  Stalker x4  
  75  8:28  Probe x2  
  77  8:40  Probe  
  81  8:48  Disruptor (Chrono Boost)  
  81  8:52  Stalker x4  
  90  9:04  Pylon  
  90  9:06  Pylon  
  66  9:20  Observer (Chrono Boost)  
Show
View Real Time Build Order
Export as new Build Order

JevynSlayer Protoss - Winner!

Build Orders: Nexus First, Blink Stalkers 

Get SALT Encoding   

  12  0:07  Probe (Chrono Boost)  
  13  0:18  Probe (Chrono Boost)  
  13  0:20  Pylon  
  14  0:28  Probe (Chrono Boost)  
  15  0:39  Probe (Chrono Boost)  
  17  0:50  Probe (Chrono Boost)  
  17  1:00  Probe (Chrono Boost)  
  17  1:03  Nexus  
  18  1:11  Probe (Chrono Boost)  
  19  1:20  Gateway  
  19  1:21  Probe (Chrono Boost)  
  20  1:28  Pylon  
  20  1:33  Assimilator  
  20  1:36  Assimilator  
  20  1:38  Probe (Chrono Boost)  
  21  1:49  Probe (Chrono Boost)  
  22  1:59  Probe (Chrono Boost)  
  23  2:10  Cybernetics Core, Probe (Chrono Boost)  
  24  2:18  Probe (Chrono Boost)  
  24  2:20  Probe (Chrono Boost)  
  26  2:29  Probe (Chrono Boost)  
  27  2:31  Probe (Chrono Boost)  
  28  2:39  Probe (Chrono Boost)  
  28  2:41  Probe (Chrono Boost)  
  30  2:45  Assimilator  
  30  2:50  Probe (Chrono Boost)  
  30  2:51  Warp Gate (Chrono Boost)  
  31  2:52  Sentry, Probe (Chrono Boost)  
  34  3:00  Probe (Chrono Boost)  
  34  3:03  Mothership Core (Chrono Boost)  
  34  3:04  Pylon  
  37  3:08  Assimilator  
  37  3:11  Probe (Chrono Boost), Twilight Council  
  38  3:13  Gateway  
  38  3:18  Pylon  
  38  3:21  Probe x2 (Chrono Boost)  
  40  3:30  Probe  
  40  3:32  Probe  
  42  3:38  Robotics Facility  
  42  3:40  Gateway  
  42  3:41  Probe  
  43  3:49  Blink (Chrono Boost)  
  43  3:51  Probe  
  43  3:52  Probe  
  45  3:57  Pylon  
  45  4:04  Probe  
  45  4:07  Probe  
  47  4:15  Pylon  
  47  4:16  Probe  
  48  4:17  Probe  
  53  4:34  Pylon  
  53  4:37  Gateway, Pylon  
  53  4:39  Gateway  
  53  4:49  Robotics Bay  
  49  4:54  Nexus  
  49  5:00  Stalker  
  49  5:01  Stalker x2  
  49  5:03  Pylon  
  49  5:05  Pylon  
  55  5:15  Immortal (Chrono Boost)  
  59  5:26  Stalker x2  
  63  5:33  Pylon  
  63  5:50  Disruptor (Chrono Boost)  
  63  5:52  Probe x2  
  63  5:56  Stalker x3  
  75  6:04  Probe x3  
  77  6:11  Stalker  
  77  6:15  Probe  
  77  6:16  Probe x2  
  77  6:18  Stalker x2  
  84  6:21  Warp Prism (Chrono Boost)  
  88  6:25  Probe  
  88  6:28  Probe x2  
  77  6:44  Stalker x2  
  77  6:45  Stalker x3  
  73  6:54  Probe  
  73  6:55  Probe x2  
  73  6:57  Assimilator  
  73  7:00  Disruptor (Chrono Boost)  
  79  7:02  Assimilator  
  79  7:10  Dark Shrine  
  79  7:19  Stalker x4  
  79  7:22  Probe  
  84  7:23  Probe x2  
  84  7:25  Nexus  
  87  7:31  Disruptor (Chrono Boost)  
  87  7:35  Stalker  
  90  7:45  Stalker  
  90  7:46  Stalker x3  
  98  7:54  Probe  
  98  7:55  Probe x2  
  101  8:02  Warp Prism (Chrono Boost)  
  103  8:09  Robotics Facility  
  103  8:20  Pylon  
  103  8:22  Dark Templar x2, Pylon  
  103  8:23  Dark Templar x3  
  103  8:24  Pylon  
  113  8:36  Pylon  
  111  8:56  Stalker x5  
  111  9:00  Pylon  
  105  9:20  Stalker x4  
  105  9:21  Stalker  
Tags
 
Add a new tag
Caveats
  • Supply blocks, unpowered buildings, or Contaminate may cause inaccurate times.
  • Supply counts are checked every 10 seconds.